 Dungeon Crawl Stone Soup version 0.18.1-50-g88ac8fd (webtiles) character file.

145 theRoog the Poker (level 5, -3/47 HPs)
             Began as a Minotaur Berserker on Oct 12, 2016.
             Was a Believer of Trog.
             Slain by a centaur (7 damage)
             ... on level 3 of the Dungeon.
             The game lasted 00:02:56 (2288 turns).

theRoog the Poker (Minotaur Berserker)              Turns: 2288, Time: 00:02:56

Health: -3/47      AC:  5    Str: 22    XL:     5   Next: 6%
Magic:  4/4        EV: 12    Int:  4    God:    Trog [**....]
Gold:   118        SH:  0    Dex: 10    Spells: 0 memorised, 4 levels left

rFire  . . .     SeeInvis .     a - +0 spear
rCold  . . .     Gourm    .     i - +0 ring mail (curse)
rNeg   . . .     Faith    .     (no shield)
rPois  .         Spirit   .     (helmet restricted)
rElec  .         Dismiss  .     (no cloak)
rCorr  .         Reflect  .     (no gloves)
SustAt .         Harm     .     (no boots)
MR     .....                    (no amulet)
Stlth  +.........               (no ring)
                                (no ring)

@: not resistant to hostile enchantments, very unstealthy
A: retaliatory headbutt, horns 2
a: Berserk, Trog's Hand, Burn Spellbooks, Renounce Religion


You were on level 3 of the Dungeon.
You worshipped Trog.
Trog was pleased with you.
You were not hungry.

You visited 1 branch of the dungeon, and saw 3 of its levels.

You collected 118 gold pieces.

Inventory:

Hand Weapons
 a - a +0 spear (weapon)
Armour
 b - a +0 animal skin
 i - a cursed +0 ring mail (worn)
Scrolls
 d - 3 scrolls of identify {unknown}
 e - a scroll of immolation {unknown}
 h - a scroll of remove curse {unknown}
 n - a scroll of enchant armour {unknown}
 o - a scroll of teleportation {unknown}
 p - a scroll of noise {unknown}
Potions
 f - 2 potions of magic {unknown}
 g - a potion of brilliance {unknown}
 j - 2 potions of mutation {unknown}
 k - 2 potions of berserk rage {unknown}
 m - a potion of flight {unknown}
 q - a potion of agility {unknown}
 r - a potion of lignification {unknown}
Comestibles
 c - 2 bread rations
 l - 2 meat rations


   Skills:
 + Level 4.6 Fighting
 + Level 5.2 Polearms
 + Level 3.3 Armour
 + Level 3.1 Dodging
 + Level 0.3 Stealth


You had 4 spell levels left.
You didn't know any spells.

Dungeon Overview and Level Annotations

Branches:
Dungeon (3/15)

Altars:
Ru
Yredelemnul


Innate Abilities, Weirdness & Mutations

You reflexively headbutt those who attack you in melee.
You have a pair of horns on your head.


Message History

You are too injured to fight recklessly!
You are too injured to fight recklessly!
You are too injured to fight recklessly!
You are too injured to fight recklessly!
You are too injured to fight recklessly!
You are too injured to fight recklessly!
You are too injured to fight recklessly!
You hit the centaur.
The centaur is severely wounded.
The centaur hits you but does no damage.
The centaur barely misses you. You furiously retaliate!
You headbutt the centaur. You hit the centaur.
The centaur is almost dead.
The centaur hits you!
* * * LOW HITPOINT WARNING * * *
You hit the centaur but do no damage.
The centaur is almost dead.
The centaur hits you!
You die...

#####...# .....
#.......+... #.###
#.......#... ###
#........<. #..
##+###......#..#+# #..
#...........#..#.####..
#......(....#..#.##....
#.<.........#..#.##....
#....†@##'#....#.##....
#....c†##.###.##.......
#......##.# #..........
#......##.# #######....
#......##+# ##'##
###..... #.... #.....
#.... #..... #....
#....


You could see a centaur.

Vanquished Creatures
  Natasha (thrice) (D:2)
  3 adders
  3 worms
  An orc (D:3)
  11 bats
  A giant cockroach (D:3)
  3 goblins
  7 hobgoblins
  A kobold (D:3)
  A ball python (D:2)
  4 rats
  A bush (D:2)
39 creatures vanquished.

Notes
Turn   | Place    | Note
--------------------------------------------------------------
     0 | D:1      | theRoog the Minotaur Berserker began the quest for the Orb.
     0 | D:1      | Reached XP level 1. HP: 19/19 MP: 0/0
   481 | D:2      | Reached skill level 4 in Polearms
   503 | D:2      | Noticed Natasha
   508 | D:2      | Reached XP level 2. HP: 26/27 MP: 1/1
   514 | D:2      | Killed Natasha
   514 | D:2      | Reached XP level 3. HP: 19/33 MP: 2/2
   892 | D:2      | Noticed Natasha
   899 | D:2      | Killed Natasha
   908 | D:2      | Noticed Natasha
   915 | D:2      | Killed Natasha
   915 | D:2      | Reached XP level 4. HP: 27/41 MP: 3/3
   924 | D:2      | Found a basalt altar of Yredelemnul.
   966 | D:2      | Reached skill level 5 in Polearms
   993 | D:2      | Reached ** piety under Trog
  2133 | D:3      | Found a sacrificial altar of Ru.
  2227 | D:3      | Reached XP level 5. HP: 41/47 MP: 4/4
  2271 | D:3      | Noticed a centaur
  2288 | D:3      | Slain by a centaur

Skill      XL: |  1  2  3  4 |
---------------+-------------+-----
Polearms       | 4 5 |  5.2
Fighting       | 4 |  4.6
Armour         | 3 |  3.3
Dodging        | 3 |  3.1
Stealth        | |  0.3

Action                   |  1- 3 |  4- 6 || total
-------------------------+-------+-------++-------
Melee: Spear             |    40 |   177 ||   217
       Headbutt          |     3 |    47 ||    50
Invok: Burn Spellbooks   |       |     1 ||     1
  Eat: Bread ration      |       |     1 ||     1
       Beef jerky        |       |     1 ||     1
Armor: Ring mail         |     8 |    15 ||    23
       Animal skin       |     1 |       ||     1
Dodge: Dodged            |    14 |    33 ||    47
